 Dungeon Crawl Stone Soup version 0.30.0-11-gf55b779eaf (webtiles) character file.

Game seed: 8397407164709348927

14333 Jackthecabe the Covert (level 12, -1/67 HPs)
             Began as a Vine Stalker Brigand on May 16, 2023.
             Was an Elder of Wu Jian.
             Slain by a sun demon (10 damage)
             ... summoned by a kobold demonologist
             ... on level 11 of the Dungeon.
             The game lasted 00:26:58 (10213 turns).

Jackthecabe the Covert (Vine Stalker Brigand)      Turns: 10213, Time: 00:26:58

Health: -1/67      AC: 11    Str: 14    XL:     12   Next: 15%
Magic:  0/13       EV: 14    Int: 11    God:    Wu Jian [****..]
Gold:   845        SH:  0    Dex: 27    Spells: 11/11 levels left

rFire   . . .        b - +1 dagger (elec)
rCold   . . .        (no shield)
rNeg    . . .        r - +0 ring mail
rPois   .            o - +0 helmet
rElec   .            Z - +1 cloak
rCorr   .            W - +1 pair of gloves {infuse}
SInv    .            m - +0 pair of boots
Will    +....        L - amulet of regeneration
Stlth   ++++++       (no ring)
HPRegen 1.91/turn    D - +6 ring of dexterity
MPRegen 0.13/turn

%: guardian spirit
@: no status effects
A: fangs 3, regeneration 1, magic shield, antimagic bite, no potion heal 2
a: Renounce Religion, Wall Jump, Serpent's Lash


You were on level 11 of the Dungeon.
You worshipped Wu Jian.
Wu Jian was greatly pleased with you.
You visited 2 branches of the dungeon, and saw 12 of its levels.
You also visited: Bailey.

You collected 845 gold pieces.


Innate Abilities, Weirdness & Mutations

You have razor-sharp teeth.
Your natural rate of healing is unusually fast.
When hurt, damage is shared between your health and your magic reserves.
Your bite disrupts and absorbs the magic of your enemies.
Potions cannot restore your health.


   Skills:
 - Level 10.0 Fighting
 - Level 10.0 Short Blades
 - Level 1.7 Throwing
 + Level 4.6 Dodging
 - Level 14.0 Stealth
 + Level 3.6 Evocations


You had 11 spell levels left.
You didn't know any spells.
Your spell library contained the following spells:

 Spells                   Type           Power      Damage    Failure   Level
 Blink                    Tloc           0%         N/A       73%         2
 Lesser Beckoning         Tloc           0%         N/A       73%         2
 Momentum Strike          Conj/Tloc      0%         3d8       73%         2
 Tukima's Dance           Hex            0%         N/A       91%         3
 Passage of Golubria      Tloc           0%         N/A       100%        4
 Yara's Violent Unravell  Hex/Tmut       0%         3d3       100%        5
 Borgnjor's Revivificati  Necr           0%         N/A       100%        8
 Necromutation            Tmut/Necr      0%         N/A       100%        8
 Death's Door             Necr           0%         N/A       100%        9

Inventory:

Hand Weapons
 a - a +1 dagger of venom
 b - a +1 dagger of electrocution (weapon)
 f - a +0 rapier
 w - a +2 dagger of holy wrath
Missiles
 d - 48 poisoned darts (quivered)
 e - 3 curare-tipped darts {=f}
 s - 3 datura-tipped darts
 M - a throwing net {=f}
 O - 5 atropa-tipped darts
Armour
 m - a +0 pair of boots (worn)
 o - a +0 helmet (worn)
 r - a +0 ring mail (worn)
 W - a +1 pair of gloves of infusion (worn)
 Z - a +1 cloak (worn)
Jewellery
 D - a +6 ring of dexterity (right hand)
 F - a ring of protection from fire
 K - an amulet of magic regeneration
 L - an amulet of regeneration (around neck)
 R - a ring of resist corrosion
 Y - a +4 ring of slaying
Wands
 A - a wand of light (7)
 E - a wand of charming (33)
 T - a wand of iceblast (6)
 V - a wand of mindburst (17)
Scrolls
 h - 3 scrolls of fear
 l - 3 scrolls of blinking {unknown}
 q - 3 scrolls of magic mapping {unknown}
 t - 2 scrolls of poison {unknown}
 x - a scroll of enchant armour {unknown}
 C - 4 scrolls of brand weapon {unknown}
 G - a scroll of enchant weapon {unknown}
 H - 3 scrolls of immolation {unknown}
 J - 3 scrolls of silence {unknown}
 P - a scroll of amnesia {unknown}
 Q - 2 scrolls of teleportation {unknown}
 S - 5 scrolls of identify {@r1}
 U - a scroll of fog {unknown}
Potions
 g - 6 potions of flight
 i - 3 potions of heal wounds {unknown}
 j - 3 potions of cancellation {unknown}
 k - 2 potions of might
 n - a potion of mutation {unknown}
 p - 3 potions of attraction {unknown}
 u - 2 potions of lignification {unknown}
 z - a potion of ambrosia {unknown}
 B - a potion of curing {@q1}
 I - a potion of brilliance
 N - 2 potions of degeneration
Miscellaneous
 v - a phial of floods
 y - a phantom mirror
 X - a lightning rod (4/4)

Dungeon Overview and Level Annotations

Branches:
Dungeon (11/15)            Temple (1/1) D:6            Lair (0/5) D:9
    Orc (0/2) D:10         Bailey (visited)

Altars:
Ashenzari
Cheibriados
Dithmenos
Elyvilon
Fedhas
Gozag
Hepliaklqana
Kikubaaqudgha
Makhleb
Nemelex Xobeh
Okawaru
Qazlal
Ru
Sif Muna
Trog
Uskayaw
Vehumet
Wu Jian
Xom
Yredelemnul
Zin
The Shining One

Shops:
D:2 (

Annotations:
D:5 1 runed translucent door, Dowan; Duvessa; qeuew's ghost, novice MiFi
D:7 2 transporters
D:8 exclusion: door

#. .......## #.#
#..<.....
#..###......#
#..#.......#
####..........#
.......<......##
...............#
...)...°.°.....#
........@#####.##
.......°3K)KK....
.......#)K###...>
#########{.# #
##.# .# .. ..)
#.##


You could see a sun demon (summoned), a kobold brigand and 3 kobolds.


Message History

a +0 club; 5 stones; a kobold corpse Use which ability? (? or * to list)
Aiming: Wall Jump
Press: ? - help, Dir - move target You repeatedly attack the sun demon from above.
You completely miss the sun demon. Your bite misses the sun demon.
You puncture the sun demon!
The sun demon is moderately wounded.
You hit the sun demon.
You bite the sun demon, but do no damage.
The sun demon is moderately wounded.
You hit the sun demon but do no damage. You bite the sun demon!
You drain its power.
The sun demon is heavily wounded.
The sun demon hits you.
You are engulfed in flames!
* * * LOW HITPOINT WARNING * * *
The sun demon hits you.
* * * LOW HITPOINT WARNING * * *
You are engulfed in flames!
* * * LOW HITPOINT WARNING * * *
The kobold brigand hits you but does no damage.
Things that are here:
a +0 dagger; a stone; a kobold corpse You're wearing all the rings you can.
Remove which one? (? for menu, Esc to cancel) < or
Y - a +4 ring of slaying; > or
D - a +6 ring of dexterity You remove your +4 ring of slaying.
The sun demon hits you.
* * * LOW HITPOINT WARNING * * *
You are engulfed in flames!
You die...

Skill      XL: |  1  2  3  4  5  6  7  8  9 10 11 12 |
---------------+-------------------------------------+-----
Short Blades   | 2 3 4 6 8 10 | 10.0
Stealth        | 5 6 8 12 14 | 14.0
Fighting       | 5 6 8 10 | 10.0
Dodging        | 4 |  4.6
Evocations     | 2 3 |  3.6
Throwing       | |  1.7

Action                     |  1- 3 |  4- 6 |  7- 9 | 10-12 || total
---------------------------+-------+-------+-------+-------++-------
  Melee: Dagger            |    76 |   202 |   197 |   418 ||   893
         Bite              |    18 |    68 |    62 |   172 ||   320
         Punch             |     1 |     1 |     2 |     8 ||    12
  Throw: Dart              |       |     5 |       |    22 ||    27
Ability: Lunge             |       |       |    25 |    38 ||    63
         Whirlwind         |       |       |     1 |    15 ||    16
         Wall Jump         |       |       |       |     5 ||     5
  Evoke: Wand              |       |       |       |     4 ||     4
    Use: Scroll            |       |       |     5 |       ||     5
   Stab: Sleeping          |     6 |    15 |    18 |    12 ||    51
         Distracted        |       |     2 |     1 |     2 ||     5
         Invisible         |       |       |       |     1 ||     1
 Armour: Leather armour    |    23 |     6 |       |       ||    29
         Robe              |     1 |       |       |       ||     1
         Ring mail         |       |    42 |    52 |    83 ||   177
  Dodge: Dodged            |    39 |    59 |    68 |   148 ||   314

Levels and vault maps discovered:
D:1:      roderic_chinese_lattice_arrival, layout_rooms,
          hellmonk_ecumenical_altar_heavens_door
D:2:      layout_basic, serial_shops, shop, nrook_mini_backslash, uniq_terence,
          uniq_robin
D:3:      layout_loops_ring, nicolae_goblin_pals
D:4:      layout_loops_corners, serial_forest, infiniplex_forest_corner_1,
          infiniplex_forest_straight_3, infiniplex_forest_3_way,
          infiniplex_forest_lined_room_2, infiniplex_forest_end_3
D:5:      layout_loops_ring, beargit_hepliaklqana_dungeon_heroes,
          nicolae_vehumet_radiance, nicolae_ru_path_of_blood,
          mainiacjoe_overflow_large_starburst, ebering_ghost_sewer_d,
          minmay_misc_feat_diagonals, chequers_jeans, uniq_duvessa, uniq_pikel
D:6:      layout_basic, kennysheep_mini_moat, minmay_temple_entry_ruins,
          grunt_decor_one_mirror
D:7:      gammafunk_wand_slinger, layout_basic, mainiacjoe_overflow_brackets
D:8:      minmay_quarter_circles, layout_loops_cross,
          mainiacjoe_overflow_24_doors, tgw_sif, enter_bailey_3, st_stairs_2
D:9:      layout_long_grid, due_lair_maze_entry_diamond, hangedman_glass_teeth,
          uniq_amaemon
D:10:     layout_irregular_city, gammafunk_temple_overflow_pools,
          kennysheep_orc_monster_closet_entryway, hangedman_corner_corridor
D:11:     layout_rooms
Temple:   minmay_freezing_vapour_temple

Notes
Turn   | Place    | Note
-------+----------+-------------------------------------------
     0 | D:1      | Jackthecabe the Vine Stalker Brigand began the quest for
                  | the Orb.
     0 | D:1      | Reached XP level 1. HP: 11/11 MP: 2/2
    38 | D:1      | Reached skill level 2 in Short Blades
   114 | D:1      | Reached skill level 5 in Stealth
   121 | D:1      | Reached XP level 2. HP: 15/15 MP: 3/3
   347 | D:1      | Found a faded altar of an unknown god.
   374 | D:1      | Reached XP level 3. HP: 14/18 MP: 4/4
   662 | D:2      | Reached skill level 3 in Short Blades
   664 | D:2      | Gained mutation: Your natural rate of healing is unusually
                  | fast. [Vine Stalker growth]
   664 | D:2      | Reached XP level 4. HP: 23/23 MP: 5/5
   816 | D:2      | Found Danumaem's Antique Weapon Boutique.
   968 | D:2      | Noticed Robin
  1140 | D:2      | Killed Robin
  1259 | D:2      | Noticed Terence
  1270 | D:2      | Killed Terence
  1271 | D:2      | Reached skill level 4 in Short Blades
  1271 | D:2      | Reached skill level 6 in Stealth
  1271 | D:2      | Reached XP level 5. HP: 15/26 MP: 3/6
  1678 | D:3      | Noticed Ijyb
  1730 | D:3      | Killed Ijyb
  1950 | D:3      | Reached XP level 6. HP: 30/30 MP: 7/7
  2344 | D:4      | Reached skill level 5 in Short Blades
  2993 | D:5      | Entered Level 5 of the Dungeon
  3146 | D:5      | Found an opulent altar of Gozag.
  3153 | D:5      | Noticed Pikel
  3176 | D:5      | Killed Pikel
  3177 | D:5      | Reached skill level 6 in Short Blades
  3177 | D:5      | Reached skill level 8 in Stealth
  3177 | D:5      | Reached XP level 7. HP: 19/34 MP: 5/8
  3228 | D:5      | Noticed Dowan
  3229 | D:5      | Gained mutation: You have razor-sharp teeth. [Vine Stalker
                  | growth]
  3229 | D:5      | Reached XP level 8. HP: 36/38 MP: 9/9
  3229 | D:5      | Noticed Duvessa
  3238 | D:5      | Found a white marble altar of Elyvilon.
  3241 | D:5      | Reached skill level 7 in Short Blades
  3405 | D:5      | Found a sacrificial altar of Ru.
  3467 | D:5      | Found a runed translucent door.
  3470 | D:5      | Noticed qeuew's ghost (novice MiFi)
  3532 | D:5      | Found a hazy altar of Hepliaklqana.
  3533 | D:5      | Found a faded altar of an unknown god.
  3622 | D:5      | Found a radiant altar of Vehumet.
  3837 | D:6      | Found a staircase to the Ecumenical Temple.
  3847 | Temple   | Entered the Ecumenical Temple
  3867 | Temple   | Became a worshipper of the Wu Jian Council
  3939 | D:6      | Reached skill level 8 in Short Blades
  3963 | D:6      | Reached skill level 2 in Fighting
  4027 | D:6      | Reached skill level 3 in Fighting
  4363 | D:6      | Reached skill level 4 in Fighting
  4398 | D:6      | Found an iron altar of Okawaru.
  4820 | D:7      | Reached skill level 5 in Fighting
  4820 | D:7      | Reached XP level 9. HP: 40/47 MP: 10/10
  4839 | D:7      | Found a broken altar of Ashenzari.
  5007 | D:7      | Found a transporter.
  5025 | D:7      | Noticed a kobold demonologist
  5030 | D:7      | Noticed a kobold demonologist
  5036 | D:7      | Found a transporter.
  5287 | D:7      | Reached skill level 6 in Fighting
  5723 | D:8      | Found a flagged portal.
  5727 | D:8      | Reached * piety under Wu Jian
  5733 | Bailey   | Entered a bailey
  5807 | Bailey   | Reached skill level 9 in Stealth
  5934 | Bailey   | Reached skill level 10 in Stealth
  5958 | Bailey   | Identified the +0 ice dragon scales of Nihilism {rF- rC++
                  | Will+ rCorr Dex+3}
  6194 | D:8      | Reached skill level 11 in Stealth
  6219 | D:8      | Reached ** piety under Wu Jian
  6219 | D:8      | You fall into a shaft and drop 1 floor!
  6316 | D:8      | Found a basalt altar of Yredelemnul.
  6406 | D:8      | Reached skill level 12 in Stealth
  6433 | D:8      | Reached XP level 10. HP: 53/53 MP: 11/11
  6456 | D:8      | Noticed a red ugly thing
  6465 | D:8      | Reached skill level 9 in Short Blades
  6465 | D:8      | Noticed a gargoyle
  6627 | D:8      | Reached skill level 10 in Short Blades
  6679 | D:8      | Killed a red ugly thing
  6801 | D:8      | Reached skill level 7 in Fighting
  6851 | D:8      | Found a shimmering blue altar of Sif Muna.
  7400 | D:9      | Reached *** piety under Wu Jian
  7401 | D:9      | Reached skill level 8 in Fighting
  7522 | D:9      | Reached XP level 11. HP: 38/60 MP: 12/12
  7560 | D:9      | Reached skill level 13 in Stealth
  7609 | D:9      | Noticed Amaemon
  7816 | D:9      | Found a staircase to the Lair.
  7984 | D:9      | Reached skill level 14 in Stealth
  7998 | D:9      | Noticed a deep elf pyromancer
  8315 | D:9      | Noticed a two-headed ogre
  8325 | D:9      | Killed a two-headed ogre
  8652 | D:9      | Killed a deep elf pyromancer
  8734 | D:9      | Reached skill level 9 in Fighting
  8792 | D:9      | Killed Amaemon
  8857 | D:10     | Entered Level 10 of the Dungeon
  9021 | D:10     | Reached skill level 10 in Fighting
  9021 | D:10     | Reached skill level 1 in Dodging
  9023 | D:10     | Reached skill level 2 in Dodging
  9027 | D:10     | Reached **** piety under Wu Jian
  9176 | D:10     | Reached skill level 3 in Dodging
  9238 | D:10     | Found a staircase to the Orcish Mines.
  9244 | D:10     | Reached skill level 1 in Evocations
  9377 | D:10     | Reached skill level 2 in Evocations
  9448 | D:10     | Found a glowing golden altar of the Shining One.
  9448 | D:10     | Found a blossoming altar of Fedhas.
  9519 | D:10     | Noticed a cyclops
  9547 | D:10     | Killed a cyclops
  9548 | D:10     | Reached skill level 4 in Dodging
  9548 | D:10     | Reached XP level 12. HP: 67/67 MP: 11/13
  9715 | D:10     | Reached skill level 3 in Evocations
 10209 | D:11     | Noticed a sun demon
 10213 | D:11     | Slain by a sun demon

Vanquished Creatures
  A two-headed ogre (D:9)
  Amaemon (D:9)
  Pikel (D:5)
  An ugly thing (D:8)
  A deep elf pyromancer (D:9)
  A cyclops (D:10)
  2 gargoyles
  An orange demon (D:9)
  A komodo dragon (D:10)
  4 trolls
  A hornet (D:10)
  2 shadows (D:10)
  A wyvern (D:7)
  16 yaks
  2 steam dragons
  5 water moccasins
  2 sky beasts
  12 orc warriors
  An ice beast (D:8)
  3 centaurs
  4 ogres
  10 kobold brigands
  A phantom (D:5)
  12 bullfrogs
  4 gnoll sergeants
  A scorpion (D:6)
  7 wights
  12 killer bees
  4 hounds
  2 gnoll boudas
  6 orc priests
  Ijyb (D:3)
  Terence (D:2)
  6 iguanas
  11 orc wizards
  Robin (D:2)
  5 adders
  12 gnolls
  A white imp (D:8)
  2 worms (D:4)
  5 dart slugs
  28 orcs
  8 ball pythons
  5 bats
  8 endoplasms
  4 giant cockroaches (D:1)
  14 hobgoblins
  6 jackals
  26 kobolds
  4 quokkas
  A frilled lizard (D:1)
  22 goblins
  4 rats
297 creatures vanquished.

Vanquished Creatures (others)
  An orc wizard (D:9)
1 creature vanquished.

Grand Total: 298 creatures vanquished

Table legend: (Time is in decaauts)
 A = Elapsed time spent in this place.
 B = Non-inter-level travel time spent in this place.
 C = Inter-level travel time spent in this place.
 D = Time resting spent in this place.
 E = Time spent auto-exploring this place.
 F = Levels seen in this place.
 G = Mean time per level.
                   A        B        C        D        E       F      G
               +--------+--------+--------+--------+--------+-----+--------+
         Total |   9943 |   9529 |    414 |    851 |   6264 |  13 |  764.8 |
       Dungeon |   9488 |   9078 |    410 |    805 |   6137 |  11 |  862.5 |
        Temple |     25 |     21 |      4 |      0 |     10 |   1 |   25.0 |
        Bailey |    428 |    428 |      0 |     46 |    117 |   1 |  428.0 |
               +--------+--------+--------+--------+--------+-----+--------+

Top non-repeatable levels by time:
     D:9: 1517 daAuts
     D:8: 1163 daAuts
    D:10: 1160 daAuts
     D:7: 1024 daAuts
     D:6: 852 daAuts
     D:4: 844 daAuts
     D:2: 833 daAuts
     D:5: 819 daAuts
     D:3: 700 daAuts
     D:1: 561 daAuts
  Bailey: 428 daAuts
  Temple: 25 daAuts
    D:11: 10 daAuts

Table legend:
 A = Non-vault XP
 B = Vault XP
 C = Vault XP percentage of total XP
 D = Non-vault monster count
 E = Vault monster count
 F = Vault count percentage of total count
                 A         B        C        D         E       F
            +---------+---------+-------+---------+---------+-------
      Total |    9618 |   10859 |  53.0 |     187 |     111 |  37.2
            +---------+---------+-------+---------+---------+-------
        D:1 |      48 |       0 |   0.0 |      25 |       0 |   0.0
        D:2 |      81 |      63 |  43.8 |      18 |       8 |  30.8
        D:3 |      87 |      49 |  36.0 |      19 |       8 |  29.6
        D:4 |     222 |       0 |   0.0 |      26 |       0 |   0.0
        D:5 |     354 |     732 |  67.4 |       6 |       2 |  25.0
        D:6 |     665 |       0 |   0.0 |      13 |       0 |   0.0
        D:7 |     575 |      96 |  14.3 |      14 |       1 |   6.7
        D:8 |    1747 |    3135 |  64.2 |      19 |      29 |  60.4
        D:9 |    3264 |    2329 |  41.6 |      27 |      11 |  28.9
       D:10 |    2475 |    3497 |  58.6 |      16 |      28 |  63.6
       D:11 |     100 |       0 |   0.0 |       4 |       0 |   0.0
     Bailey |       0 |     958 | 100.0 |       0 |      24 | 100.0
            +---------+---------+-------+---------+---------+-------
